AoeStats
← Carple

Migration

506995964Analyzed
1v1 RM · 17d ago on Sep 16, 2026· 48m 18s· 2 players
Game mode
Random Map
Map size
132×132
Population
200
Speed
Normal
Resources
Standard
Victory
Conquest
Starting age
Dark Age
Ending age
Imperial Age
RankedLock teamsTeams togetherTeam positionsShared explorationLock speedFull tech treeHidden civsTurbo modeCheats
Victory
Defeat
🇨🇦 Japanese · Canada
1270
+16
🇺🇸 Portuguese · United States
1275
-16
Carple
11:53 Feudal Age
10:10 Loom
12:16 Fishing Lines
12:43 Double-Bit Axe
17:39 Castle Age
16:56 Wheelbarrow
17:48 Forging
17:29 Fletching
17:40 Padded Archer Armor
19:02 Medium Warships
20:05 Bow Saw
20:48 Squires
20:34 Arson
21:24 Pikeman
22:39 Gold Mining
22:39 Stone Mining
26:08 Horse Collar
28:06 Careening
28:53 Town Watch
30:11 Scale Mail Armor
30:47 Iron Casting
30:19 Scale Barding Armor
32:30 Husbandry
32:40 Bloodlines
36:48 Imperial Age
37:02 Chain Mail Armor
36:43 Bodkin Arrow
37:05 Heavy Plow
37:46 Hand Cart
38:32 Conscription
39:44 Chemistry
38:38 Cavalier
39:53 Plate Mail Armor
40:30 Blast Furnace
39:47 Elite Samurai
41:40 Kataparuto
42:06 Town Patrol
41:41 Light Cavalry
43:54 Siege Engineers
47:00 Heavy Warships
48:37 Ballistics
mchill37
10:47 Feudal Age
11:27 Double-Bit Axe
12:28 Town Watch
14:44 Wheelbarrow
18:33 Castle Age
16:51 Fletching
19:48 Medium Warships
19:53 Bodkin Arrow
20:53 Loom
34:30 Imperial Age
35:47 Crossbowman
36:33 Bracer
39:32 Chemistry
38:02 Arbalester
41:00 Ballistics
Connection lost

Rejoining the realm…

Still unreachable

The connection could not be restored.

Session expired

The server has moved on; the page needs a fresh start.